 Dungeon Crawl Stone Soup version 0.31-a0-833-gc15d34cb79 (webtiles) character file.

Game seed: 5680676985991606333

599 Kurtz the Cleaver (level 7, 0/46 HPs)
             Began as an Octopode Fighter on Sept 25, 2023.
             Was an Initiate of Gozag.
             Slain by a gnoll
             ... wielding a +2 whip of pain
              (9 damage)
             ... on level 4 of the Dungeon.
             The game lasted 00:05:25 (3539 turns).

Kurtz the Cleaver (Octopode Fighter)                Turns: 3539, Time: 00:05:26

Health: 0/46       AC:  1    Str: 20    XL:     7   Next: 41%
Magic:  16/16      EV: 13    Int: 10    God:    Gozag
Gold:   250        SH:  4    Dex: 12    Spells: 6/6 levels left

rFire   . . .        t - +2 hand axe (heavy)
rCold   + . .        b - +0 buckler
rNeg    . . .        (helmet restricted)
rPois   .            (no amulet)
rElec   .            m - ring of protection from cold
rCorr   .            v - ring "Yred" {Will+ Str+3}
SInv    .            r - ring of magical power
Will    +....        (no ring)
Stlth   ++           (no ring)
HPRegen 0.27/turn    (no ring)
MPRegen 0.15/turn    (no ring)
                     (no ring)

%: no passive effects
@: gold aura
A: almost no armour, amphibious, 8 rings, camouflage 1, gelatinous body 1,
(nimble swimmer 1), tentacles
a: Renounce Religion, Potion Petition, Call Merchant, Bribe Branch


You were on level 4 of the Dungeon.
You worshipped Gozag.
Gozag was aware of your devotion.
You visited 1 branch of the dungeon, and saw 4 of its levels.

You collected 324 gold pieces.
You paid 74 gold pieces to Gozag.

Inventory:

Hand Weapons
 a - a +0 war axe
 t - a +2 heavy hand axe (weapon)
Missiles
 i - 6 curare-tipped darts
Armour
 b - a +0 buckler (worn)
Jewellery
 m - a ring of protection from cold (left tentacle)
 r - a ring of magical power (on tentacle)
 v - the ring "Yred" (right tentacle) {Will+ Str+3}
   (You found it on level 4 of the Dungeon)

   [ring of willpower]

   Str+3:     It affects your strength (+3).
   Will+:     It increases your willpower.
Wands
 e - a wand of charming (10)
Scrolls
 c - a scroll of enchant armour {unknown}
 d - 2 scrolls of identify {unknown}
 j - a scroll of amnesia {unknown}
 k - a scroll of vulnerability {unknown}
 l - a scroll of noise {unknown}
 o - a scroll of brand weapon {unknown}
 q - a scroll of revelation {unknown}
 w - a scroll of immolation {unknown}
Potions
 f - 2 potions of curing {unknown}
 g - 2 potions of lignification {unknown}
 h - 2 potions of attraction {unknown}
 n - a potion of cancellation {unknown}
 p - 2 potions of brilliance {unknown}
 s - a potion of magic {unknown}
 u - a potion of mutation {unknown}


   Skills:
 - Level 3.0 Fighting
 * Level 8.0 Axes
 - Level 3.0 Dodging
 - Level 3.0 Shields


You had 6 spell levels left.
You didn't know any spells.
Your spell library contained the following spells:

 Spells                   Type           Power      Damage    Failure   Level
 Sandblast                Erth           0%         2d4       43%         1
 Passwall                 Tmut/Erth      0%         N/A       56%         2
 Stone Arrow              Conj/Erth      0%         3d7       80%         3
 Brom's Barrelling Bould  Conj/Erth      0%         2d3       99%         4


Dungeon Overview and Level Annotations

Branches:
Dungeon (4/15)
 Temple: D:4-7

Altars:
Dithmenos
Gozag
Sif Muna
Xom


Innate Abilities, Weirdness & Mutations

You cannot wear most types of armour.
You are amphibious.
You can wear up to eight rings at the same time.
Your skin changes colour to match your surroundings (Stealth+).
Your rubbery body absorbs attacks. (AC +1, EV +1)
((You are camouflaged when in or above water. (Stealth+)))
You have tentacles for arms and can constrict up to eight enemies at once.


Message History

Okay, then.
There is an open door here.
There is an open door, spattered with blood here.
You see here a +0 war axe.
Things that are here:
5 gold pieces; a +0 club
There is an open door here.
An orc comes into view. It is wielding a +0 short sword.
The orc shouts!
The orc shouts!
You barely miss the orc. You grab the orc. You squeeze the orc.
The orc is lightly wounded.
You constrict the orc, but do no damage.
The orc hits you with a +0 short sword.
You hit the orc but do no damage.
The orc is lightly wounded.
You constrict the orc. The orc hits you with a +0 short sword.
You block the orc's attack. The orc completely misses you.
You hit the orc. You squeeze the orc.
You kill the orc!
You hit the orc. The orc misses you. The orc closely misses you.
You hit the orc. Your grab misses the orc.
The orc is lightly wounded.
You barely miss the orc. You hit the ogre. The orc misses you.
The ogre hits you with a +0 giant spiked club!!
The orc barely misses you.
You are too injured to fight recklessly!
You are too injured to fight recklessly!
Unknown command.
You are too injured to fight recklessly!
You barely miss the orc. Your grab misses the orc.
The orc is lightly wounded.
You slash the orc!
You kill the orc!
You hit the ogre. The orc hits you with a +0 mace!
* * * LOW HITPOINT WARNING * * *
The ogre closely misses you.
The gnoll hits you with a +2 whip of pain!
You die...
Your body crumbles into a pile of gold.

#.####.#..##.#.#...##############
.................................
≈~≈≈~~~....~~≈≈~~~≈≈~~~~~~~~~~...
≈≈≈≈≈≈~....~≈≈≈~≈~≈≈~≈≈≈≈~≈≈≈~...
≈~~~~)≈....~~≈~~~≈~≈~~~#####≈≈...
...........)...........#...#≈≈...
#######''''#############...#≈~P..
......#....#...........#'###≈≈...
....).'....'...o@g.....'.#.≈≈~...
......#....#.....O.....#.#.~≈~...
########################.#.~≈≈...
.. #......#.~≈~..P ..g
#.)o...#.~~~... .O.
##)###.#)≈≈~... ..
#.g..#.#.~≈~...
#####'###....#.#.≈≈≈...
......o$'....#'###≈~...


You could see an ogre, a gnoll and an orc.

Vanquished Creatures
  Grinder (D:4)
  A scorpion (D:4)
  An orc priest (D:4)
  2 hounds (D:4)
  9 adders
  7 gnolls (D:4)
  A dart slug (D:1)
  14 orcs
  7 ball pythons
  2 bats
  7 endoplasms
  5 giant cockroaches
  5 goblins
  4 hobgoblins
  17 jackals
  3 kobolds
  5 quokkas
  A frilled lizard (D:1)
  6 rats
98 creatures vanquished.

Vanquished Creatures (collateral kills)
  An orc (D:4)
1 creature vanquished.

Grand Total: 99 creatures vanquished

Notes
Turn   | Place    | Note
-------+----------+-------------------------------------------
     0 | D:1      | Kurtz the Octopode Fighter began the quest for the Orb.
     0 | D:1      | Reached XP level 1. HP: 16/16 MP: 1/1
    50 | D:1      | Reached XP level 2. HP: 15/21 MP: 2/2
   257 | D:1      | Reached skill level 3 in Axes
   570 | D:2      | Reached XP level 3. HP: 18/26 MP: 3/3
   776 | D:2      | Reached skill level 4 in Axes
   803 | D:2      | Reached XP level 4. HP: 7/31 MP: 4/4
   973 | D:2      | You fall into a shaft and drop 1 floor!
  1882 | D:4      | Reached skill level 5 in Axes
  1882 | D:4      | Reached XP level 5. HP: 27/36 MP: 5/5
  2027 | D:4      | Identified the ring "Yred" {Will+ Str+3}
  2635 | D:4      | Found a shimmering blue altar of Sif Muna.
  2635 | D:4      | Found a shimmering altar of Xom.
  2636 | D:4      | Noticed Grinder
  2639 | D:4      | Found an opulent altar of Gozag.
  2809 | D:4      | Became a worshipper of Gozag Ym Sagoz the Greedy
  2819 | D:4      | Killed Grinder
  2820 | D:4      | Reached skill level 7 in Axes
  2820 | D:4      | Reached XP level 6. HP: 23/42 MP: 6/6
  3082 | D:4      | Found a shadowy altar of Dithmenos.
  3086 | D:4      | Reached XP level 7. HP: 46/46 MP: 7/7
  3483 | D:4      | Reached skill level 8 in Axes
  3539 | D:4      | Slain by a gnoll

Illustrated notes

Levels and vault maps discovered:
D:1:      ncdulo_lavacross, layout_rooms
D:2:      layout_loops_ring, fountainhead
D:3:      layout_basic, interstate_on_off
D:4:      lemuel_castle_with_subvaults [lemuel_castle_interior_carwin_1],
          layout_loops_ring, grunt_temple_overflow_open,
          nicolae_dithmenos_through_a_glass_darkly, uniq_grinder

Skill      XL: |  1  2  3  4  5  6  7 |
---------------+----------------------+-----
Axes           | 3 4 5 7 8 |  8.0
Fighting       | |  3.0
Dodging        | |  3.0
Shields        | |  3.0

Action                     |  1- 3 |  4- 6 |  7- 9 || total
---------------------------+-------+-------+-------++-------
  Melee: War axe           |    54 |    42 |       ||    96
         Constrict         |    12 |    22 |     8 ||    42
         Tentacles         |     8 |    20 |     3 ||    31
         Hand axe          |       |    47 |    39 ||    86
         Punch             |       |       |     1 ||     1
  Evoke: Wand              |       |     1 |       ||     1
    Use: Scroll            |       |     2 |       ||     2
         Potion            |       |     1 |       ||     1
   Stab: Sleeping          |     8 |     5 |     2 ||    15
 Armour: Skin              |    27 |    38 |    19 ||    84
  Dodge: Dodged            |    30 |    57 |    25 ||   112
  Block: Buckler           |     9 |    16 |     6 ||    31

Table legend: (Time is in decaauts)
 A = Elapsed time spent in this place.
 B = Non-inter-level travel time spent in this place.
 C = Inter-level travel time spent in this place.
 D = Time resting spent in this place.
 E = Time spent auto-exploring this place.
 F = Levels seen in this place.
 G = Mean time per level.
                   A        B        C        D        E       F      G
               +--------+--------+--------+--------+--------+-----+--------+
         Total |   3614 |   3427 |    187 |    254 |   2441 |   4 |  903.5 |
       Dungeon |   3614 |   3427 |    187 |    254 |   2441 |   4 |  903.5 |
               +--------+--------+--------+--------+--------+-----+--------+

Top non-repeatable levels by time:
     D:4: 1271 daAuts
     D:3: 900 daAuts
     D:2: 882 daAuts
     D:1: 559 daAuts
